 Dungeon Crawl Stone Soup version 0.22-a0-359-g5e80d7e (webtiles) character file.

175828 b5mith the Slayer (level 17, -10/173 HPs)
             Began as a Minotaur Berserker on Apr 18, 2018.
             Was the Champion of Trog.
             Mangled by an acid blob (25 damage)
             ... on level 5 of the Pits of Slime.
             The game lasted 02:01:35 (34945 turns).

b5mith the Slayer (Minotaur Berserker)             Turns: 34945, Time: 02:01:36

Health: -10/173    AC: 18    Str: 25      XL:     17   Next: 49%
Magic:  0/14       EV: 18    Int:  4      God:    Trog [******]
Gold:   2101       SH: 19    Dex: 21 (22) Spells: 16/16 levels left

rFire    + . .     SeeInvis .   a - +7 scimitar (elec)
rCold    + . .     Gourm    .   Z - +4 shield {rC+ rF+}
rNeg     . . .     Faith    .   I - +5 plate armour "Fosaj" {Dex+7}
rPois    .         Spirit   +   b - +2 hat of the Accordion {Dex+7}
rElec    .         Reflect  .   u - +2 cloak
rCorr    +         Harm     .   m - +2 pair of gloves
MR       ++...                  (no boots)
Stlth    ..........             D - amulet of guardian spirit
HPRegen  0.00/turn              C - ring of protection from magic
MPRegen  0.14/turn              W - ring of resist corrosion

@: corroded, berserk cooldown, slowed, very slow
A: retaliatory headbutt, horns 2, clumsy 2, deformed body, deterioration 2, low
mp 1, inhibited regeneration, weak 1
a: Berserk, Trog's Hand, Brothers in Arms, Renounce Religion


You were on level 5 of the Pits of Slime.
You worshipped Trog.
Trog was exalted by your worship.
You were hungry.

You visited 5 branches of the dungeon, and saw 29 of its levels.
You also visited: Bailey.

You collected 2357 gold pieces.
You spent 256 gold pieces at shops.

Inventory:

Hand Weapons
 a - a +7 scimitar of electrocution (weapon)
   (Trog gifted it to you on level 12 of the Dungeon)
 x - a +1 demon blade of draining
   (You took it off a gelid demonspawn on level 2 of the Orcish Mines)
 B - a +3 long sword of holy wrath
   (Trog gifted it to you in a bailey)
 T - a +3 falchion of slicing
   (Trog gifted it to you on level 1 of the Pits of Slime)
Missiles
 z - 8 javelins of penetration
 Y - 42 tomahawks (quivered)
Armour
 b - the +2 hat of the Accordion (worn) {Dex+7}
   (You acquired it on level 2 of the Orcish Mines)

   It affects your dexterity (+7).
 m - a +2 pair of gloves (worn)
   (You found it on level 1 of the Dungeon)
 n - a +8 chain mail of cold resistance
   (You found it on level 2 of the Dungeon)
 t - a scarf of cloud immunity
   (You acquired it on level 2 of the Orcish Mines)
 u - a +2 cloak (worn)
   (You took it off Maurice on level 8 of the Dungeon)
 I - the +5 plate armour "Fosaj" (worn) {Dex+7}
   (You acquired it on level 2 of the Orcish Mines)

   It affects your dexterity (+7).
 N - the +2 shield of Yniyd {rN+ Regen+ SInv}
   (You bought it in a shop on level 2 of the Orcish Mines)

   It protects you from negative energy.
   It lets you see invisible.
   It increases your rate of regeneration.
 Z - a +4 shield of resistance (worn)
   (You took it off a tengu warrior on level 15 of the Dungeon)
Jewellery
 i - an uncursed amulet of magic regeneration
   (You found it on level 6 of the Lair of Beasts)
 C - a ring of protection from magic (left hand)
   (You found it on level 4 of the Dungeon)
 D - an amulet of guardian spirit (around neck)
   (You found it on level 3 of the Lair of Beasts)
 M - an uncursed ring of protection from fire
   (You found it on level 6 of the Lair of Beasts)
 W - a ring of resist corrosion (right hand)
   (You found it on level 5 of the Lair of Beasts)
 X - an uncursed ring of poison resistance
   (You took it off an orc wizard on level 12 of the Dungeon)
Wands
 j - a wand of random effects (24)
   (You found it on level 4 of the Lair of Beasts)
 o - a wand of acid (7)
   (You found it on level 3 of the Lair of Beasts)
 p - a wand of paralysis (19)
   (You found it on level 15 of the Dungeon)
 q - a wand of disintegration (28)
   (You found it on level 2 of the Dungeon)
 y - a wand of polymorph (30)
   (You took it off Duvessa on level 4 of the Dungeon)
 E - a wand of enslavement (20)
   (You took it off Maurice on level 8 of the Dungeon)
 G - a wand of digging (19)
   (You found it on level 5 of the Dungeon)
 H - a wand of flame (112)
   (You found it on level 6 of the Dungeon)
 V - a wand of iceblast (15)
   (You found it on level 10 of the Dungeon)
Scrolls
 g - 11 scrolls of teleportation
 h - a scroll of silence {unknown}
 k - 3 scrolls of magic mapping
 r - a scroll of fear
 w - 3 scrolls of blinking
 J - 2 scrolls of immolation {unknown}
 K - 2 scrolls of vulnerability {unknown}
 O - 7 scrolls of fog
 S - 5 scrolls of remove curse {@r2}
Potions
 d - 3 potions of resistance
 e - 2 potions of ambrosia
 f - 2 potions of agility
 l - a potion of mutation {unknown}
 s - 5 potions of heal wounds
 v - 2 potions of invisibility
 A - 4 potions of brilliance
 F - 2 potions of berserk rage
 L - 8 potions of curing {@q1}
 P - 2 potions of might
 R - a potion of flight {unknown}
 U - a potion of cancellation {unknown}
Miscellaneous
 Q - a sack of spiders
Comestibles
 c - 38 rations


   Skills:
 + Level 21.3 Fighting
 - Level 14.6 Long Blades
 + Level 15.6 Armour
 + Level 14.5 Dodging
 - Level 15.0 Shields


You had 16 spell levels left.
You didn't know any spells.

Dungeon Overview and Level Annotations

Branches:
Dungeon (15/15)            Temple (0/1) D:6            Lair (6/6) D:11
 Shoals (0/4) Lair:2       Spider (1/4) Lair:3        Slime (5/5) Lair:5
    Orc (2/2) D:11            Elf (0/3) Orc:2        Vaults (0/5) D:14
 Depths (0/5) D:15

Altars:
Ashenzari
Cheibriados
Fedhas
Gozag
Kikubaaqudgha
Makhleb
Nemelex Xobeh
Okawaru
Qazlal
Ru
Sif Muna
Trog
Uskayaw
Wu Jian
Xom
The Shining One
Jiyva

Shops:
D:9 :   D:13 ?   Orc:1 [   Orc:2 [}%!

Portals:
Pandemonium: Orc:2
Trove: D:11 (give 5 scrolls of blinking)

Annotations:
Lair:5 exclusion: ice statue


Innate Abilities, Weirdness & Mutations

You reflexively headbutt those who attack you in melee.
You have a pair of horns on your head.
You are very clumsy. (Dex -4)
Armour fits poorly on your strangely shaped body.
Your body often deteriorates upon taking damage.
Your magical capacity is low. (-10% MP)
You do not regenerate when monsters are visible.
You are weak. (Str -2)


Message History

You block the death ooze's attack. x2; The acid blob moves out of view.
You block the azure jelly's attack.
The azure jelly hits you but does no damage.
The azure jelly closely misses you.
The azure jelly hits you but does no damage.
You slice the death ooze!! You headbutt the death ooze.
The death ooze is severely damaged.
The death ooze hits you but does no damage.
You block the death ooze's attack. The death ooze closely misses you.
You furiously retaliate!
You headbutt the death ooze! You block the death ooze's attack.
You slash the death ooze!
You destroy the death ooze!
That felt strangely unrewarding.
The azure jelly closely misses you. You block the azure jelly's attack. x2
The azure jelly hits you but does no damage.
An acid blob comes into view.
The acid blob quivers.
You block the azure jelly's attack. x2
The azure jelly hits you but does no damage.
You block the azure jelly's attack.
You feel a strong urge to attack something.
You are no longer berserk.
You are exhausted.
You feel yourself slow down. The acid blob spits acid at you.
The splash of acid hits you! You resist.
* * * LOW HITPOINT WARNING * * *
You are splashed with acid!
The acid burns!
You resist.
* * * LOW HITPOINT WARNING * * *
The acid blob spits acid at you. You block the splash of acid.
The acid blob spits acid at you. The splash of acid hits you! You resist.
You are splashed with acid!
The acid burns!
You resist.
* * * LOW HITPOINT WARNING * * *
The acid blob misses you.
You feel much better. The azure jelly hits you.
* * * LOW HITPOINT WARNING * * *
The azure jelly freezes you!! You resist.
* * * LOW HITPOINT WARNING * * *
Your body deteriorates!
You feel clumsy. The azure jelly misses you.
You block the azure jelly's attack. x2
The acid blob hits you but does no damage.
You block the death ooze's attack. The death ooze misses you.
The azure jelly hits you but does no damage.
You block the azure jelly's attack. x2
The azure jelly hits you but does no damage.
The acid blob hits you!!
You die...

.. #..# ##..........
..## ##J#####...........
....##...##.............
........................
........................
.......J................
.......JJ...............
......JJJ...............
.......@................
........................
.......................#
...............
...............
...............
...............
..#####........


You could see 2 acid blobs, 3 azure jellies and 2 death oozes.

Vanquished Creatures
  the Royal Jelly (Slime:5)
  20 acid blobs
  3 azure jellies
  An orc warlord (Bailey)
  2 death oozes (Slime:5)
  The ghost of myxocpahck the Thrower, a journeyman TrHu of Okawaru (Lair:3)
  Fannar (Lair:3)
  9 hydras
  3 great orbs of eyes
  Erolcha (D:11)
  4 vault guards (D:14)
  2 centaur warriors (D:15)
  6 two-headed ogres
  A tengu warrior (D:15)
  4 death yaks (Lair:5)
  Urug (Lair:3)
  5 orc high priests (Orc:2)
  Sonja (Orc:2)
  A soul eater (Orc:2)
  5 unseen horrors
  2 gelid demonspawn (Orc:2)
  An infernal demonspawn (Orc:2)
  A glowing orange brain (Slime:3)
  A torturous demonspawn (Orc:2)
  Pikel (D:4)
  A wolf spider zombie (D:15)
  2 wolf spiders
  A wizard (D:15)
  3 deep elf magi
  A necromancer (D:15)
  7 orc knights
  A manticore (D:11)
  10 orc sorcerers
  8 ugly things
  5 oklob plants
  5 shining eyes
  5 cyclopes
  A rust devil (Orc:2)
  Maurice (D:8)
  14 elephants
  3 black mambas
  13 spiny frogs
  5 centaur skeletons
  3 gargoyles
  2 rime drakes
  3 kobold demonologists (D:13)
  A freezing wraith (Lair:5)
  17 komodo dragons
  3 meliai (D:15)
  6 trolls
  2 jumping spiders (Lair:3)
  A harpy zombie (D:15)
  A troll (shapeshifter) (D:14)
  12 polar bears
  A wolf spider simulacrum (D:15)
  A merfolk (D:10)
  2 blink frogs (Lair:3)
  2 hornets (D:10)
  80 slime creatures
  Prince Ribbit (Lair:3)
  16 hippogriffs
  A raiju (Lair:6)
  A centaur simulacrum (D:15)
  7 redbacks (Lair:3)
  3 tarantellas (Lair:3)
  A vampire (D:15)
  33 yaks
  A tarantella (shapeshifter) (D:13)
  A ynoxinul (Orc:2)
  6 wyverns
  2 golden eyes (Slime:2)
  2 basilisks
  2 chaos spawn (Orc:2)
  2 hungry ghosts
  A soldier ant (D:14)
  13 wargs
  14 water moccasins
  16 hell hounds (Lair:6)
  A swamp drake (shapeshifter) (D:15)
  Duvessa (D:4)
  11 porcupines
  52 orc warriors
  10 ice beasts
  7 eyes of draining
  16 black bears
  6 phantoms
  25 wolves
  3 sky beasts
  11 centaurs
  12 ogres
  19 crocodiles
  3 big kobolds
  21 bullfrogs
  2 gnoll sergeants
  2 wyvern zombies
  6 scorpions
  14 killer bees
  5 wights (D:15)
  An electric eel (Lair:3)
  A howler monkey (D:7)
  2 vampire bats (Lair:4)
  6 centaur zombies
  7 crimson imps
  2 bullfrog skeletons
  2 bullfrog zombies
  2 jellies
  A gnoll shaman (D:6)
  23 orc priests
  3 quasits (D:9)
  5 hounds
  31 orc wizards
  12 iguanas
  9 worker ants
  2 hound skeletons
  A worker ant zombie (D:10)
  22 gnolls
  15 adders
  A howler monkey skeleton (D:6)
  3 shadow imps
  4 white imps (Lair:5)
  An adder skeleton (D:6)
  3 worms
  A dart slug (D:1)
  7 leopard geckos
  112 orcs
  2 ball pythons
  3 giant cockroaches
  26 goblins
  18 hobgoblins
  18 jackals
  16 kobolds
  5 quokkas
  10 bats
  5 frilled lizards
  A jackal skeleton (D:6)
  A leopard gecko skeleton (D:4)
  A quokka zombie (D:6)
  9 rats
  2 plants
1047 creatures vanquished.

Vanquished Creatures (others)
  2 slaves (D:4)
  Dowan (D:4)
  An orc (Orc:2)
  A giant cockroach (D:7)
  4 fungi
  14 plants
23 creatures vanquished.

Grand Total: 1070 creatures vanquished

Notes
Turn   | Place    | Note
-------+----------+-------------------------------------------
     0 | D:1      | b5mith the Minotaur Berserker began the quest for the Orb.
     0 | D:1      | Reached XP level 1. HP: 19/19 MP: 0/0
    37 | D:1      | Reached skill level 4 in Fighting
    37 | D:1      | Reached XP level 2. HP: 14/27 MP: 1/1
   414 | D:1      | Reached ** piety under Trog
   414 | D:1      | Reached XP level 3. HP: 23/34 MP: 2/2
  1165 | D:2      | Reached XP level 4. HP: 41/41 MP: 3/3
  1199 | D:2      | Reached skill level 5 in Long Blades
  1261 | D:2      | Reached skill level 5 in Fighting
  1737 | D:3      | Found a hide-covered altar of Uskayaw.
  1788 | D:3      | Found an opulent altar of Gozag.
  1851 | D:3      | Reached XP level 5. HP: 45/48 MP: 4/4
  2101 | D:3      | Found a bloodstained altar of Trog.
  2158 | D:3      | Reached skill level 6 in Fighting
  2499 | D:4      | Noticed Pikel
  2500 | D:4      | Noticed a slave
  2502 | D:4      | Noticed a slave
  2506 | D:4      | Noticed a slave
  2510 | D:4      | Noticed a slave
  2523 | D:4      | Killed Pikel
  2523 | D:4      | Reached skill level 7 in Fighting
  2523 | D:4      | Reached XP level 6. HP: 22/61 MP: 5/5
  2523 | D:4      | Reached XP level 7. HP: 24/67 MP: 6/6
  2629 | D:4      | Killed Dowan
  2676 | D:4      | Found a stormy altar of Qazlal.
  2678 | D:4      | You fall through a shaft for 2 floors!
  2693 | D:6      | Reached skill level 8 in Fighting
  2708 | D:5      | Entered Level 5 of the Dungeon
  3014 | D:4      | Noticed Duvessa
  3026 | D:4      | Killed Duvessa
  3214 | D:4      | Reached *** piety under Trog
  3525 | D:5      | Reached skill level 1 in Shields
  3529 | D:5      | Reached XP level 8. HP: 46/75 MP: 7/7
  3878 | D:5      | Found an ornate altar of the Wu Jian Council.
  4261 | D:5      | Found a shattered altar of Ashenzari.
  4571 | D:6      | Reached skill level 9 in Fighting
  4765 | D:6      | Found a staircase to the Ecumenical Temple.
  4799 | D:6      | Reached **** piety under Trog
  4904 | D:6      | Found a sacrificial altar of Ru.
  5021 | D:6      | Reached skill level 5 in Shields
  5593 | D:6      | Found a deep blue altar of Sif Muna.
  5593 | D:6      | Found a burning altar of Makhleb.
  5594 | D:6      | Found an ancient bone altar of Kikubaaqudgha.
  5598 | D:6      | Found an iron altar of Okawaru.
  5782 | D:6      | Reached XP level 9. HP: 79/84 MP: 8/8
  5996 | D:7      | Found a sparkling altar of Nemelex Xobeh.
  6240 | D:7      | Reached skill level 10 in Fighting
  6240 | D:7      | Reached skill level 10 in Long Blades
  6487 | D:7      | Reached ***** piety under Trog
  6580 | D:7      | Found a snail-covered altar of Cheibriados.
  6586 | D:7      | Found a glowing golden altar of the Shining One.
  7162 | D:8      | Noticed a two-headed ogre
  7171 | D:8      | Killed a two-headed ogre
  7171 | D:8      | Reached XP level 10. HP: 66/94 MP: 9/9
  7471 | D:8      | Found a shimmering altar of Xom.
  7511 | D:8      | Noticed a two-headed ogre
  7520 | D:8      | Killed a two-headed ogre
  7520 | D:8      | Reached skill level 11 in Fighting
  7878 | D:8      | Noticed Maurice
  7908 | D:8      | Killed Maurice
  8245 | D:9      | Reached skill level 12 in Fighting
  8322 | D:9      | Noticed a two-headed ogre
  8348 | D:9      | Killed a two-headed ogre
  8723 | D:9      | Found Dumy's Book Shop.
  8914 | D:9      | Reached XP level 11. HP: 95/105 MP: 10/10
  9149 | D:10     | Entered Level 10 of the Dungeon
  9348 | D:10     | Reached skill level 13 in Fighting
  9571 | D:10     | Received a gift from Trog
 10638 | D:11     | Noticed a white ugly thing
 10665 | D:11     | Killed a white ugly thing
 10872 | D:11     | Noticed an oklob plant
 10937 | D:11     | Found a staircase to the Orcish Mines.
 11076 | D:11     | Reached skill level 14 in Fighting
 11258 | D:11     | Found a portal to a secret trove of treasure.
 11285 | D:11     | Noticed Erolcha
 11312 | D:11     | Killed Erolcha
 11892 | D:11     | Noticed a six-headed hydra
 11905 | D:11     | Killed an 11-headed hydra
 12664 | D:11     | Found a staircase to the Lair.
 12758 | D:12     | Noticed a two-headed ogre
 12767 | D:12     | Killed a two-headed ogre
 12767 | D:12     | Reached XP level 12. HP: 104/118 MP: 11/11
 12840 | D:12     | Received a gift from Trog
 12871 | D:12     | Noticed a seven-headed hydra
 12890 | D:12     | Killed a 14-headed hydra
 13175 | D:12     | Reached skill level 15 in Fighting
 13773 | D:13     | Reached skill level 5 in Armour
 14001 | D:13     | Reached skill level 5 in Dodging
 14242 | D:13     | Found Aloedag's Magic Scroll Boutique.
 15294 | D:14     | Received a gift from Trog
 15634 | D:14     | Found a gate to the Vaults.
 15634 | D:14     | Noticed a vault guard
 15634 | D:14     | Noticed a vault guard
 15634 | D:14     | Noticed a vault guard
 15634 | D:14     | Noticed a two-headed ogre
 15634 | D:14     | Noticed a vault guard
 15662 | D:14     | Killed a vault guard
 15662 | D:14     | Reached skill level 16 in Fighting
 15666 | D:14     | Killed a two-headed ogre
 15666 | D:14     | Reached XP level 13. HP: 128/128 MP: 12/12
 16238 | D:14     | Found a blossoming altar of Fedhas.
 16502 | D:15     | Entered Level 15 of the Dungeon
 16959 | D:15     | Received a gift from Trog
 17039 | D:15     | Found a shimmering altar of Xom.
 17261 | D:15     | Reached skill level 10 in Armour
 17579 | D:15     | Reached skill level 17 in Fighting
 17585 | D:15     | Received a gift from Trog
 18368 | D:15     | Found a staircase to the Depths.
 18552 | D:15     | Reached skill level 10 in Dodging
 18822 | D:15     | Reached XP level 14. HP: 140/140 MP: 13/13
 19271 | Lair:1   | Entered Level 1 of the Lair of Beasts
 19339 | Lair:1   | Reached skill level 10 in Shields
 19680 | Lair:1   | Reached ****** piety under Trog
 20162 | Lair:2   | Received a gift from Trog
 20181 | Lair:2   | Found a staircase to the Shoals.
 20808 | Lair:3   | Found a hole to the Spider Nest.
 20828 | Lair:3   | Reached skill level 18 in Fighting
 20839 | Lair:3   | Noticed Urug
 20841 | Spider:1 | Entered Level 1 of the Spider Nest
 21113 | Lair:3   | Noticed Prince Ribbit
 21145 | Lair:3   | Killed Prince Ribbit
 21321 | Lair:3   | Noticed myxocpahck's ghost (journeyman TrHu)
 21341 | Lair:3   | Killed Urug
 21347 | Lair:3   | Killed myxocpahck's ghost
 21382 | Lair:3   | Noticed Fannar
 21401 | Lair:3   | Killed Fannar
 21441 | Lair:3   | Received a gift from Trog
 22543 | Lair:4   | Got a fine hunting sling
 22544 | Lair:4   | Identified the +5 hunting sling of Eshretuh {freeze, Str+3 Int+4 Dex+4} (You found it on level 4 of the Lair of Beasts)
 23044 | Lair:5   | Reached XP level 15. HP: 124/150 MP: 10/14
 23249 | Lair:5   | Found a staircase to the Slime Pits.
 25144 | Lair:6   | Entered Level 6 of the Lair of Beasts
 25225 | Lair:6   | Received a gift from Trog
 25332 | Lair:6   | Reached skill level 15 in Shields
 25534 | Lair:6   | Reached skill level 19 in Fighting
 26245 | Lair:6   | Received a gift from Trog
 26737 | Orc:1    | Entered Level 1 of the Orcish Mines
 26897 | Orc:1    | Found Ithri's Antique Armour Boutique.
 27216 | Orc:1    | Found a flagged portal.
 27378 | Orc:2    | Entered Level 2 of the Orcish Mines
 27382 | Orc:2    | Noticed Sonja
 27442 | Bailey   | Entered a bailey
 27523 | Bailey   | Received a gift from Trog
 27703 | Bailey   | Noticed an orc warlord
 27734 | Bailey   | Killed an orc warlord
 27999 | Orc:2    | Killed Sonja
 28162 | Orc:2    | Received a gift from Trog
 28169 | Orc:2    | Got a slimy long sword {god gift}
 28170 | Orc:2    | Identified the +2 long sword "Mufub" {slice, *Corrode rElec MR+ Dex+4} (Trog gifted it to you on level 2 of the Orcish Mines)
 28178 | Orc:2    | Identified 3 scrolls of acquirement
 28188 | Orc:2    | Got a distressingly furry hat
 28194 | Orc:2    | Identified the +2 hat of the Accordion {Dex+7} (You acquired it on level 2 of the Orcish Mines)
 28197 | Orc:2    | Got a warped plate armour
 28208 | Orc:2    | Identified the +5 plate armour "Fosaj" {Dex+7} (You acquired it on level 2 of the Orcish Mines)
 28317 | Orc:2    | Found Jathokud's Food Emporium.
 28319 | Orc:2    | Found Kaozoas's Distillery.
 28598 | Orc:2    | Found a staircase to the Elven Halls.
 29048 | Orc:2    | Received a gift from Trog
 29048 | Orc:2    | Reached XP level 16. HP: 162/162 MP: 12/15
 29257 | Orc:2    | Found Fefomex's Antique Armour Boutique.
 29257 | Orc:2    | Found Pirirch Ompe's Gadget Shop.
 29261 | Orc:2    | Found a one-way gate leading to the halls of Pandemonium.
 29263 | Orc:2    | Bought an ichor-stained shield for 256 gold pieces
 29273 | Orc:2    | Identified the +2 shield of Yniyd {rN+ Regen+ SInv} (You bought it in a shop on level 2 of the Orcish Mines)
 30173 | Slime:1  | Entered Level 1 of the Pits of Slime
 30173 | Slime:1  | Noticed an acid blob
 30192 | Lair:5   | Killed an acid blob
 30676 | Slime:2  | Noticed an acid blob
 30683 | Slime:2  | Noticed an acid blob
 30683 | Slime:2  | Gained mutation: Armour fits poorly on your strangely shaped body. [a shining eye]
 30684 | Slime:2  | Noticed an acid blob
 30689 | Slime:1  | Killed an acid blob
 30697 | Slime:1  | Reached skill level 20 in Fighting
 31064 | Slime:1  | Gained mutation: You do not regenerate when monsters are visible. [a shining eye]
 31066 | Slime:1  | Gained mutation: Your body sometimes deteriorates upon taking damage. [a shining eye]
 31067 | Slime:1  | Killed an acid blob
 31076 | Slime:1  | Killed an acid blob
 31385 | Slime:2  | Gained mutation: Your magical capacity is low. (-10% MP) [a shining eye]
 31386 | Slime:2  | Gained mutation: You are clumsy. (Dex -2) [a shining eye]
 31388 | Slime:2  | Gained mutation: You are very clumsy. (Dex -4) [a shining eye]
 31394 | Slime:2  | Gained mutation: Your body often deteriorates upon taking damage. [a shining eye]
 31396 | Slime:2  | Gained mutation: You are weak. (Str -2) [a shining eye]
 31492 | Slime:2  | Noticed an acid blob
 31499 | Slime:2  | Noticed an acid blob
 31581 | Slime:1  | Killed an acid blob
 31655 | Slime:1  | Received a gift from Trog
 31861 | Slime:2  | Killed an acid blob
 32145 | Slime:3  | Found a viscous altar of Jiyva.
 32145 | Slime:3  | Noticed an acid blob
 32166 | Slime:2  | Noticed an acid blob
 32184 | Slime:2  | Killed an acid blob
 32312 | Slime:2  | Noticed an acid blob
 32328 | Slime:2  | Killed an acid blob
 32784 | Slime:3  | Noticed an acid blob
 32787 | Slime:3  | Noticed an acid blob
 32791 | Slime:2  | Killed an acid blob
 33025 | Slime:3  | Killed an acid blob
 33050 | Slime:3  | Noticed an acid blob
 33054 | Slime:3  | Killed an acid blob
 33374 | Slime:3  | Killed an acid blob
 33549 | Slime:3  | Reached XP level 17. HP: 160/172 MP: 14/14
 33748 | Slime:4  | Noticed an acid blob
 33757 | Slime:4  | Killed an acid blob
 34047 | Slime:4  | Noticed an acid blob
 34059 | Slime:4  | Killed an acid blob
 34209 | Slime:5  | Entered Level 5 of the Pits of Slime
 34234 | Slime:5  | Noticed an acid blob
 34236 | Slime:5  | Noticed an acid blob
 34249 | Slime:4  | Killed an acid blob
 34249 | Slime:4  | Reached skill level 15 in Armour
 34331 | Slime:4  | Noticed an acid blob
 34340 | Slime:4  | Killed an acid blob
 34340 | Slime:4  | Reached skill level 21 in Fighting
 34406 | Slime:5  | Noticed an acid blob
 34410 | Slime:5  | Killed an acid blob
 34428 | Slime:5  | Noticed an acid blob
 34433 | Slime:5  | Killed an acid blob
 34905 | Slime:5  | Noticed the Royal Jelly
 34905 | Slime:5  | Found a viscous altar of Jiyva.
 34912 | Slime:5  | Noticed an acid blob
 34912 | Slime:5  | Noticed an acid blob
 34920 | Slime:5  | Killed an acid blob
 34922 | Slime:5  | Killed an acid blob
 34932 | Slime:5  | Killed the Royal Jelly
 34932 | Slime:5  | Noticed an acid blob
 34937 | Slime:5  | Noticed an acid blob
 34945 | Slime:5  | Mangled by an acid blob

Vault maps used:
D:1:      dpeg_arrival_arbitrary_c
D:3:      lemuel_round_altar, nicolae_gozag_cash_rules_everything_around_me,
          lemuel_crystal_altar, portal_sewer_entry_d
D:4:      grunt_qazlal_clouds, first_ration, uniq_pikel, uniq_duvessa
D:5:      lemuel_crystal_altar, lemuel_coloured_pillars_altar,
          kennysheep_nondescript
D:6:      minitemple, minmay_temple_entry_hall, nicolae_ru_path_of_blood
D:7:      amethyst_overflow_temple_binary, basic_altar
D:8:      overflow_temple_1_default, uniq_maurice
D:9:      serial_shops, shop_statue
D:10:     hangedman_fish_farm, kennysheep_potato
D:11:     dpeg_oklobed_lair, minmay_orc_entry_guard_dogs, enter_trove_1,
          uniq_erolcha
D:13:     serial_shops, shop_fountains
D:14:     lightli_vaults_fourway_checkpoint, fedhas_altar_3
D:15:     grunt_enter_depths_magical_seal, basic_altar, grunt_decor_one_mirror
Lair:1:   beast_lair_carwin_large_4, grunt_megastairs_1
Lair:2:   beast_lair_carwin_large_2, minmay_shoals_entry_centaurs,
          lemuel_fruit_tree, grunt_megastairs_2
Lair:3:   nicolae_spider_entry_tight_spaces, minmay_lair_oklob_chamber,
          infiniplex_staircase_pool, uniq_fannar, uniq_prince_ribbit2, uniq_urug
Lair:4:   st_stairs_5, roderic_batcave
Lair:5:   minmay_slime_entry_oklob_enclosed, ice2_lemuel
Lair:6:   hangedman_lair_caniforms_friends, serial_bayou_shore_a
Slime:3:  basic_altar
Slime:4:  nicolae_slime_barrier
Orc:1:    enter_bailey_7, serial_shops, shop
Orc:2:    pf_orc_diabolical, uniq_sonja
Bailey:   bailey_axe_minmay_hex_keep, bailey

Skill      XL: |  1  2  3  4  5  6  7  8  9 10 11 12 13 14 15 16 17 |
---------------+----------------------------------------------------+-----
Fighting       | 4 5 7 8 9 10 12 14 16 17 18 19 20 21 | 21.3
Long Blades    | 4 5 7 8 9 10 12 14 | 14.6
Shields        | 2 6 9 14 15 | 15.0
Armour         | 3 8 10 11 12 14 15 | 15.6
Dodging        | 7 10 11 13 14 | 14.5

Action                   |  1- 3 |  4- 6 |  7- 9 | 10-12 | 13-15 | 16-18 || total
-------------------------+-------+-------+-------+-------+-------+-------++-------
Melee: Falchion          |    80 |    95 |       |       |       |       ||   175
       Headbutt          |     9 |    22 |    86 |   194 |   382 |   215 ||   908
       Long sword        |       |    22 |   367 |   665 |       |       ||  1054
       Scimitar          |       |       |       |   196 |  1484 |   456 ||  2136
       Demon blade       |       |       |       |       |     8 |       ||     8
Throw: Tomahawk          |       |       |       |       |    41 |    18 ||    59
       Javelin           |       |       |       |       |     8 |       ||     8
Invok: Berserk           |       |     1 |     1 |     8 |     6 |     7 ||    23
Evoke: Wand              |       |       |       |     6 |     4 |     2 ||    12
  Use: Scroll            |       |     4 |     2 |    13 |    32 |       ||    51
       Potion            |       |       |       |     1 |     4 |     1 ||     6
 Stab: Distracted        |       |       |       |       |     1 |       ||     1
  Eat: Chunk             |     1 |     4 |    17 |    29 |    35 |     1 ||    87
       Ration            |       |       |       |     2 |     5 |     7 ||    14
Armor: Animal skin       |     6 |       |       |       |       |       ||     6
       Chain mail        |    15 |    60 |   173 |   465 |   468 |       ||  1181
       Plate armour      |       |       |       |       |     7 |   184 ||   191
Dodge: Dodged            |    44 |    42 |   100 |   253 |   464 |   190 ||  1093
Block: Buckler           |       |       |    65 |   195 |    65 |       ||   325
       Shield            |       |       |       |       |   789 |   388 ||  1177
       Rpst.: Falchion   |     5 |    11 |       |       |       |       ||    16
       Long sword        |       |       |    28 |    34 |       |       ||    62
       Scimitar          |       |       |       |    10 |    77 |    46 ||   133
       Demon blade       |       |       |       |       |     1 |       ||     1

Table legend:
 A = Spawn XP
 B = Non-spawn XP
 C = Spawn XP percentage of total XP
 D = Spawn monster count
 E = Non-spawn monster count
 F = Spawn count percentage of total count
 G = Total turns spent on level
                    A         B        C        D         E        F      G
               +---------+---------+-------+---------+---------+-------+---------
         Total |       0 |  252070 |   0.0 |       0 |    1041 |   0.0 | 34945
               +---------+---------+-------+---------+---------+-------+---------
           D:1 |       0 |      52 |   0.0 |       0 |      29 |   0.0 |   807
           D:2 |       0 |      93 |   0.0 |       0 |      21 |   0.0 |   814
           D:3 |       0 |     178 |   0.0 |       0 |      27 |   0.0 |   846
           D:4 |       0 |     859 |   0.0 |       0 |      10 |   0.0 |   788
           D:5 |       0 |     592 |   0.0 |       0 |      19 |   0.0 |  1229
           D:6 |       0 |    1126 |   0.0 |       0 |      34 |   0.0 |  1346
           D:7 |       0 |    1670 |   0.0 |       0 |      24 |   0.0 |   896
           D:8 |       0 |    3836 |   0.0 |       0 |      37 |   0.0 |  1442
           D:9 |       0 |    2749 |   0.0 |       0 |      37 |   0.0 |   981
          D:10 |       0 |    3795 |   0.0 |       0 |      41 |   0.0 |  1454
          D:11 |       0 |    6998 |   0.0 |       0 |      45 |   0.0 |  2384
          D:12 |       0 |    4551 |   0.0 |       0 |      36 |   0.0 |  1039
          D:13 |       0 |    8121 |   0.0 |       0 |      32 |   0.0 |  1572
          D:14 |       0 |   12216 |   0.0 |       0 |      28 |   0.0 |  1295
          D:15 |       0 |   20718 |   0.0 |       0 |      56 |   0.0 |  2496
        Lair:1 |       0 |    7137 |   0.0 |       0 |      39 |   0.0 |   935
        Lair:2 |       0 |    7245 |   0.0 |       0 |      30 |   0.0 |   602
        Lair:3 |       0 |   14170 |   0.0 |       0 |      48 |   0.0 |  1280
        Lair:4 |       0 |    5172 |   0.0 |       0 |      27 |   0.0 |   907
        Lair:5 |       0 |   12434 |   0.0 |       0 |      37 |   0.0 |  3263
        Lair:6 |       0 |   21531 |   0.0 |       0 |      91 |   0.0 |  1429
      Spider:1 |       0 |     619 |   0.0 |       0 |       1 |   0.0 |     7
       Slime:1 |       0 |   19220 |   0.0 |       0 |      38 |   0.0 |  1236
       Slime:2 |       0 |   19871 |   0.0 |       0 |      32 |   0.0 |  1600
       Slime:3 |       0 |   13418 |   0.0 |       0 |      17 |   0.0 |   458
       Slime:4 |       0 |   13038 |   0.0 |       0 |      14 |   0.0 |  1030
       Slime:5 |       0 |   21988 |   0.0 |       0 |       6 |   0.0 |   174
         Orc:1 |       0 |    3561 |   0.0 |       0 |      40 |   0.0 |   807
         Orc:2 |       0 |   19990 |   0.0 |       0 |      76 |   0.0 |  1421
        Bailey |       0 |    5122 |   0.0 |       0 |      69 |   0.0 |   407
               +---------+---------+-------+---------+---------+-------+---------
